 Dungeon Crawl Stone Soup version 0.28-a0-1518-gbe868bc (webtiles) character file.

Game seed: 17157195081365963074

1973 Illumine the Cleaver (level 9, -4/112 HPs)
             Began as a Hill Orc Gladiator on Jan 17, 2022.
             Was an Initiate of Ru.
             Slain by an orc (5 damage)
             ... in a bailey.
             The game lasted 00:12:06 (6348 turns).

Illumine the Cleaver (Hill Orc Gladiator)           Turns: 6348, Time: 00:12:07

Health: -4/112     AC: 24    Str: 21    XL:     9   Next: 20%
Magic:  9/9        EV:  2    Int:  8    God:    Ru [......]
Gold:   361        SH:  8    Dex: 10    Spells: 8/8 levels left

rFire   . . .      SeeInvis .   a - +0 war axe
rCold   . . .      Faith    .   d - +0 kite shield
rNeg    . . .      Spirit   .   (armour currently unavailable)
rPois   +          Reflect  .   (helmet currently unavailable)
rElec   .          Harm     .   (cloak currently unavailable)
rCorr   +          Rampage  .   (gloves currently unavailable)
Will    .....      NoTele   +   (boots currently unavailable)
Stlth   ..........              (no amulet)
HPRegen 0.28/turn               k - ring of resist corrosion
MPRegen 0.11/turn               (no ring)

@: tree-form
A: stationary, stasis, torment immunity, boosted hp, no stealth, (iridescent
scales 1), clumsy 1, (shaggy fur 1)
a: Renounce Religion


You were in a bailey.
You worshipped Ru.
Ru was noncommittal.
You were a tree.
You visited 2 branches of the dungeon, and saw 8 of its levels.
You also visited: Bailey.

You collected 361 gold pieces.

Inventory:

Hand Weapons
 a - a +0 war axe (weapon)
 b - a +0 hunting sling
Missiles
 f - 25 sling bullets
 r - 7 poisoned darts (quivered)
 s - 134 stones
 v - 5 silver javelins
Armour
 c - a +1 helmet (melded)
 d - a +0 kite shield (worn)
 j - a +0 plate armour (melded)
Jewellery
 k - a ring of resist corrosion (left branch)
 x - a ring of ice
Wands
 E - a wand of flame (2)
Scrolls
 g - 4 scrolls of teleportation
 i - a scroll of acquirement {unknown}
 l - a scroll of vulnerability {unknown}
 n - a scroll of silence {unknown}
 p - a scroll of noise {unknown}
 q - a scroll of immolation {unknown}
 u - a scroll of enchant armour
 y - a scroll of fog {unknown}
 B - a scroll of amnesia {unknown}
 C - a scroll of fear {unknown}
 D - a scroll of magic mapping {unknown}
Potions
 e - 2 potions of curing
 h - a potion of mutation
 m - a potion of ambrosia {unknown}
 o - a potion of flight
 t - a potion of degeneration {unknown}
 w - a potion of attraction {unknown}
 z - a potion of lignification
 A - a potion of heal wounds {unknown}


   Skills:
 + Level 5.9 Fighting
 + Level 10.3 Axes
 - Level 1.9 Throwing
 + Level 7.0 Armour
 - Level 2.7 Dodging
 + Level 4.3 Shields


You had 8 spell levels left.
You didn't know any spells.
Your spell library contained the following spells:

 Spells                   Type           Power      Damage    Failure   Level
 Dazzling Flash           Conj/Hex       0%         N/A       98%         3
 Frozen Ramparts          Ice            0%         1d2       98%         3
 Ice Form                 Ice/Tmut       0%         N/A       100%        4
 Summon Ice Beast         Ice/Summ       0%         N/A       100%        4
 Agony                    Necr           0%         N/A       100%        5
 Silence                  Hex/Air        0%         N/A       100%        5


Dungeon Overview and Level Annotations

Branches:
Dungeon (7/15)             Temple (1/1) D:5          Bailey (1/1)

Altars:
Ashenzari
Cheibriados
Dithmenos
Fedhas
Gozag
Hepliaklqana
Kikubaaqudgha
Makhleb
Nemelex Xobeh
Okawaru
Qazlal
Ru
Trog
Vehumet
Wu Jian
Xom
Yredelemnul
Zin
The Shining One

Annotations:
D:6 1 runed translucent door, danspanner's ghost, novice SpCj


Innate Abilities, Weirdness & Mutations

You are a tree.
Your roots penetrate the ground, keeping you stationary.
You cannot be teleported.
You are immune to unholy pain and torment.
Your maximum health is greatly increased.
Your equipment is partially melded.
You cannot be stealthy.
((You are partially covered in iridescent scales. (AC +2)))
You are clumsy. (Dex -2)
((You are covered in fur. (AC +1)))


Message History

You kill the orc warrior!
You hit the orc.
The orc hits you from afar with a +0 halberd.
* * * LOW HITPOINT WARNING * * *
The orc hits you but does no damage. x2
Your Armour skill increases to level 7!
You barely miss the orc.
The orc is almost dead.
The orc hits you but does no damage. You block the orc's attack.
You closely miss the orc.
The orc is almost dead.
You block the orc's attack. The orc hits you but does no damage.
You slash the orc!
You kill the orc!
The orc hits you from afar with a +0 halberd.
* * * LOW HITPOINT WARNING * * *
It was a potion of mutation.
You feel extremely strange.
Iridescent scales grow over part of your body.
Fur sprouts all over your body.
You feel clumsy. The orc hits you but does no damage. x2
You hit the orc.
The orc is lightly wounded.
You block the orc's attack. The orc hits you with a +0 halberd!
* * * LOW HITPOINT WARNING * * *
It was a potion of flight.
You feel very buoyant.
You fly up into the air.
The orc closely misses you. The orc hits you but does no damage.
It was a potion of lignification.
You turn into a tree.
Your +1 helmet melds into your body.
Your +0 plate armour melds into your body.
Your roots penetrate the ground.
The orc hits you from afar with a +0 halberd.
* * * LOW HITPOINT WARNING * * *
The orc hits you but does no damage.
You hit the orc but do no damage.
The orc is lightly wounded.
You block the orc's attack.
The orc hits you from afar with a +0 halberd.
You die...

## #########
##. ......∩.##
#... #......#
#....###.....#
+.....8♣)...∩#
#....###o....#
#....)#)o....#
##.oooo.o.∩.##
############


You could see 3 orcs.

Vanquished Creatures
  A hornet (D:7)
  Sigmund (D:3)
  An orc warrior (Bailey)
  A sky beast (D:7)
  2 black bears
  An ice beast (D:6)
  A centaur (D:7)
  4 ogres
  5 howler monkeys
  2 hounds (D:5)
  A gnoll shaman (D:6)
  2 bullfrog skeletons (D:6)
  Jessica (D:2)
  2 iguanas (D:5)
  An orc wizard (D:5)
  A hound zombie (D:5)
  2 hound skeletons (D:4)
  2 howler monkey zombies (D:5)
  9 gnolls
  3 adders
  2 white imps
  A worm (D:5)
  3 dart slugs
  10 orcs
  10 endoplasms
  3 giant cockroaches
  7 goblins
  4 hobgoblins
  3 jackals (D:2)
  7 kobolds
  2 quokkas
  6 ball pythons
  4 bats
  5 frilled lizards
  7 rats
117 creatures vanquished.

Notes
Turn   | Place    | Note
-------+----------+-------------------------------------------
     0 | D:1      | Illumine the Hill Orc Gladiator began the quest for the
                  | Orb.
     0 | D:1      | Reached XP level 1. HP: 18/18 MP: 1/1
   228 | D:1      | Reached XP level 2. HP: 25/25 MP: 2/2
   285 | D:1      | Found a faded altar of an unknown god.
   359 | D:1      | Reached skill level 5 in Axes
   984 | D:2      | Noticed Jessica
   986 | D:2      | Killed Jessica
   987 | D:2      | Reached skill level 1 in Armour
   987 | D:2      | Reached XP level 3. HP: 30/30 MP: 3/3
  1221 | D:2      | Reached XP level 4. HP: 35/37 MP: 4/4
  1270 | D:2      | Reached skill level 6 in Axes
  1822 | D:3      | Reached XP level 5. HP: 39/42 MP: 5/5
  2221 | D:3      | Noticed Sigmund
  2459 | D:4      | Noticed a black bear
  2940 | D:3      | Killed Sigmund
  2941 | D:3      | Reached skill level 7 in Axes
  2941 | D:3      | Reached XP level 6. HP: 49/50 MP: 6/6
  3256 | D:4      | Killed a black bear
  3257 | D:4      | Reached skill level 8 in Axes
  3257 | D:4      | Reached XP level 7. HP: 55/56 MP: 7/7
  3713 | D:5      | Entered Level 5 of the Dungeon
  3731 | D:5      | Reached skill level 5 in Armour
  3826 | D:5      | Found a staircase to the Ecumenical Temple.
  3849 | Temple   | Entered the Ecumenical Temple
  3959 | Temple   | Became a worshipper of Ru the Awakened
  4159 | D:5      | Reached skill level 1 in Shields
  4341 | D:5      | Reached skill level 9 in Axes
  4341 | D:5      | Reached XP level 8. HP: 50/64 MP: 8/8
  4805 | D:6      | Found a runed translucent door.
  4812 | D:6      | Noticed danspanner's ghost (novice SpCj)
  5806 | D:6      | Found an opulent altar of Gozag.
  5807 | D:6      | Found a radiant altar of Vehumet.
  5812 | D:6      | Found a burning altar of Makhleb.
  6049 | D:6      | Gained mutation: You cannot be stealthy. [Ru sacrifice]
  6147 | D:7      | Reached skill level 5 in Fighting
  6178 | D:7      | Noticed a hornet
  6187 | D:7      | Killed a hornet
  6188 | D:7      | Reached skill level 10 in Axes
  6188 | D:7      | Reached XP level 9. HP: 57/74 MP: 9/9
  6258 | D:7      | Found a flagged portal.
  6311 | Bailey   | Entered a bailey
  6344 | Bailey   | Gained mutation: You are partially covered in iridescent
                  | scales. (AC +2) [potion of mutation]
  6344 | Bailey   | Gained mutation: You are covered in fur. (AC +1) [potion of
                  | mutation]
  6344 | Bailey   | Gained mutation: You are clumsy. (Dex -2) [potion of
                  | mutation]
  6347 | Bailey   | HP: 1/112 [orc (6)]
  6348 | Bailey   | Slain by an orc

Illustrated notes

Levels and vault maps discovered:
D:1:      eino_arrival_tree_alley, layout_loops_cross,
          shapermc_ecumenical_altar_venn
D:2:      layout_loops_ring, uniq_jessica
D:3:      layout_loops_ring, ebering_ghost_sewer_d, uniq_sigmund
D:4:      nicolae_BIG_FREAKIN_CUBE, layout_rooms
D:5:      layout_rooms, minmay_temple_entry_statues_fountains
D:6:      black_bear_nest_1, layout_gridville, minitemple,
          hellmonk_ghost_happy_afterlife, kennysheep_path_1
D:7:      corexii_shantytown, layout_basic, enter_bailey_6, minivault_24,
          uniq_pikel
Temple:   mainiacjoe_temple_bowtie_tessellation
Bailey:   bailey_polearm_5, bailey

Skill      XL: |  1  2  3  4  5  6  7  8  9 |
---------------+----------------------------+-----
Axes           | 5 6 7 8 9 10 | 10.3
Armour         | 1 2 4 5 6 7 |  7.0
Fighting       | 3 5 |  5.9
Shields        | 1 3 4 |  4.3
Throwing       | |  1.9
Dodging        | |  2.7

Action                   |  1- 3 |  4- 6 |  7- 9 || total
-------------------------+-------+-------+-------++-------
Melee: War axe           |    78 |   102 |   216 ||   396
       Punch             |     1 |     1 |     2 ||     4
 Fire: Hunting sling     |       |       |     4 ||     4
Throw: Throwing net      |       |     3 |     1 ||     4
       Dart              |       |       |    14 ||    14
Invok: Sacrifice Stealth |       |       |     1 ||     1
  Use: Scroll            |       |     2 |     1 ||     3
       Potion            |       |       |     4 ||     4
 Stab: Held in net/web   |       |     2 |       ||     2
Armor: Leather armour    |    38 |       |       ||    38
       Plate armour      |       |    68 |   142 ||   210
       Skin              |       |       |     1 ||     1
Dodge: Dodged            |    69 |    27 |    59 ||   155
Block: Kite shield       |       |       |    62 ||    62

Table legend: (Time is in decaauts)
 A = Elapsed time spent in this place.
 B = Non-inter-level travel time spent in this place.
 C = Inter-level travel time spent in this place.
 D = Time resting spent in this place.
 E = Time spent auto-exploring this place.
 F = Levels seen in this place.
 G = Mean time per level.
                   A        B        C        D        E       F      G
               +--------+--------+--------+--------+--------+-----+--------+
         Total |   6423 |   6100 |    323 |   1077 |   3566 |   9 |  713.7 |
       Dungeon |   6263 |   5949 |    314 |   1077 |   3472 |   7 |  894.7 |
        Temple |    120 |    111 |      9 |      0 |     94 |   1 |  120.0 |
        Bailey |     39 |     39 |      0 |      0 |      0 |   1 |   39.0 |
               +--------+--------+--------+--------+--------+-----+--------+

Top non-repeatable levels by time:
     D:6: 1198 daAuts
     D:5: 1173 daAuts
     D:3: 1154 daAuts
     D:2: 1056 daAuts
     D:1: 928 daAuts
     D:4: 614 daAuts
     D:7: 137 daAuts
  Temple: 120 daAuts
  Bailey: 39 daAuts
